 Dungeon Crawl Stone Soup version 0.29-a0-96-g93358da72b (webtiles) character file.

Game seed: 1781918086636002390

45 siradein the Insei (level 3, -3/27 HPs)
             Began as a Merfolk Transmuter on Feb 10, 2022.
             Slain by Terence (4 damage)
             ... on level 1 of the Dungeon.
             The game lasted 00:05:49 (1596 turns).

siradein the Insei (Merfolk Transmuter)             Turns: 1596, Time: 00:05:50

Health: -3/27      AC:  3    Str: 10    XL:     3   Next: 64%
Magic:  5/6        EV: 13    Int: 14    God:
Gold:   41         SH:  0    Dex: 14    Spells: 0/6 levels left

rFire   + . .      SeeInvis .     - Unarmed
rCold   . . .      Faith    .   (no shield)
rNeg    . . .      Spirit   .   a - +0 robe
rPois   .          Reflect  .   (helmet currently unavailable)
rElec   .          Harm     .   f - +0 cloak
rCorr   .          Rampage  .   (no gloves)
Will    .....                   (boots currently unavailable)
Stlth   +.........              (no amulet)
HPRegen 0.09/turn               e - ring of protection from fire
MPRegen 0.10/turn               (no ring)

@: appendages
A: horns 2, (nimble swimmer 2), mertail
a: End Transformation


You were on level 1 of the Dungeon.
You had temporarily grown beastly horns.
You visited 1 branch of the dungeon, and saw 2 of its levels.

You collected 41 gold pieces.

Inventory:

Armour
 a - a +0 robe (worn)
 f - a +0 cloak (worn)
Jewellery
 d - a ring of fire
 e - a ring of protection from fire (left hand)
Scrolls
 c - 3 scrolls of identify {unknown}
Potions
 b - a potion of attraction {unknown}


   Skills:
 + Level 1.9 Fighting
 + Level 3.3 Dodging
 + Level 3.6 Unarmed Combat
 + Level 2.4 Spellcasting
 + Level 3.3 Transmutations
 + Level 0.0 Poison Magic


You couldn't memorise any spells.
You knew the following spells:

 Your Spells              Type           Power      Damage    Failure   Level
a - Beastly Appendage     Tmut           22%        N/A       6%          1
b - Wereblood             Tmut           11%        N/A       9%          2
c - Spider Form           Tmut/Pois      6%         N/A       34%         3

Your spell library contained the following spells:

 Spells                   Type           Power      Damage    Failure   Level
 Ice Form                 Ice/Tmut       6%         N/A       75%         4


Dungeon Overview and Level Annotations

Branches:
Dungeon (2/15)

Altars:

Annotations:
D:1 Terence
D:2 Sigmund


Innate Abilities, Weirdness & Mutations

You have temporarily grown beastly horns.
((You are very nimble when in or above water. (Stealth+, EV+, Speed+++)))
Your lower body shifts to a powerful aquatic tail in water.


Message History

Throw: 3 darts (poison)
Press: ? - help, Q - select action, (/) - cycle Shift-Dir - straight line, f/p - Terence
Aim: Terence, wielding a +1 hand axe of freezing and wearing a +0 scale mail (lightly wounded, poisoned, 61% to hit)
You throw a poisoned dart.
The poisoned dart barely misses Terence.
Terence shouts, "ATTACK!!!"
Terence barely misses you.
Throw: 2 darts (poison)
Press: ? - help, Q - select action, (/) - cycle Shift-Dir - straight line, f/p - Terence
Aim: Terence, wielding a +1 hand axe of freezing and wearing a +0 scale mail (lightly wounded, poisoned, 61% to hit)
You throw a poisoned dart. The poisoned dart hits Terence.
Terence looks even sicker.
Terence is lightly wounded.
Terence misses you.
Throw: dart (poison)
Press: ? - help, Q - select action, (/) - cycle Shift-Dir - straight line, f/p - Terence
Aim: Terence, wielding a +1 hand axe of freezing and wearing a +0 scale mail (lightly wounded, very poisoned, 61% to hit)
You throw a poisoned dart.
The poisoned dart closely misses Terence.
Terence hits you with a +1 hand axe of freezing.
Terence freezes you.
Casting: Beastly Appendage (safe; 6% risk of failure)
Confirm with . or Enter, or press ? or * to list all spells.
You grow a pair of large bovine horns.
Terence hits you with a +1 hand axe of freezing.
Terence freezes you.
You hit Terence. You headbutt Terence. You punch Terence, but do no damage.
Terence is heavily wounded.
Terence hits you with a +1 hand axe of freezing.
Terence freezes you.
You hit Terence.
Terence is heavily wounded.
Terence hits you with a +1 hand axe of freezing!
* * * LOW HITPOINT WARNING * * *
Terence freezes you.
* * * LOW HITPOINT WARNING * * *
You hit Terence but do no damage. You headbutt Terence.
Terence is severely wounded.
Terence hits you with a +1 hand axe of freezing.
You die...

#.......##...........#####.
#..........#..@..####......
#.......####.###..........#
##.........................
#.......##..#.....#########
#.......##.##.##### ######
#.......#..##.# #.....
#.........###.########.####
#.........@@(..>..(........
#.....#####..#########.####
####### #...## ######.#
##.#######......#
#..........######
#...######## #.### ###


You could see Terence (poisoned).

Vanquished Creatures
  Natasha (D:2)
  A worm (D:2)
  A bat (D:2)
  3 endoplasms
  A giant cockroach (D:1)
  3 hobgoblins
  A ball python (D:2)
  A frilled lizard (D:1)
  2 goblins
  3 rats (D:1)
17 creatures vanquished.

Notes
Turn   | Place    | Note
-------+----------+-------------------------------------------
     0 | D:1      | siradein the Merfolk Transmuter began the quest for the
                  | Orb.
     0 | D:1      | Reached XP level 1. HP: 15/15 MP: 3/3
   360 | D:1      | Reached XP level 2. HP: 20/21 MP: 3/5
   809 | D:1      | Learned a level 2 spell: Wereblood
  1150 | D:2      | Noticed Natasha
  1182 | D:2      | Killed Natasha
  1183 | D:2      | Reached XP level 3. HP: 21/27 MP: 4/6
  1249 | D:2      | Learned a level 3 spell: Spider Form
  1251 | D:2      | Noticed Sigmund
  1252 | D:2      | Noticed Terence
  1595 | D:1      | HP: 1/27 [Terence (3)]
  1596 | D:1      | Slain by Terence

Illustrated notes

Levels and vault maps discovered:
D:1:      mrwooster_arrival_statue, layout_rooms
D:2:      layout_basic, minmay_bisected, uniq_terence, uniq_natasha,
          uniq_sigmund, uniq_robin

Skill      XL: |  1  2 |
---------------+-------+-----
Transmutations | 3 |  3.3
Dodging        | 3 |  3.3
Fighting       | |  1.9
Unarmed Combat | |  3.6
Spellcasting   | |  2.4

Action                   || total
-------------------------++-------
Melee: Unarmed           ||    59
       Headbutt          ||    13
       Punch             ||     3
Throw: Dart              ||    15
 Cast: Beastly Appendage ||    16
Armor: Robe              ||     2
Dodge: Dodged            ||    42

Table legend: (Time is in decaauts)
 A = Elapsed time spent in this place.
 B = Non-inter-level travel time spent in this place.
 C = Inter-level travel time spent in this place.
 D = Time resting spent in this place.
 E = Time spent auto-exploring this place.
 F = Levels seen in this place.
 G = Mean time per level.
                   A        B        C        D        E       F      G
               +--------+--------+--------+--------+--------+-----+--------+
         Total |   1603 |   1574 |     29 |    208 |   1043 |   2 |  801.5 |
       Dungeon |   1603 |   1574 |     29 |    208 |   1043 |   2 |  801.5 |
               +--------+--------+--------+--------+--------+-----+--------+

Top non-repeatable levels by time:
     D:1: 882 daAuts
     D:2: 721 daAuts
